 Dungeon Crawl Stone Soup version 0.31.0-11-ge490571c62 (webtiles) character file.

Game seed: 15276966251300931989

1984 Esekla the Slasher (level 9, -3/69 HPs)
             Began as a Barachi Cinder Acolyte on Jan 27, 2024.
             Was a High Priest of Ignis.
             Slain by an orc warrior
             ... wielding a +0 battleaxe
              (9 damage)
             ... on level 7 of the Dungeon.
             The game lasted 00:46:31 (5733 turns).

Esekla the Slasher (Barachi Cinder Acolyte)         Turns: 5733, Time: 00:46:32

Health: -3/69      AC: 16    Str: 17    XL:     9   Next: 21%
Magic:  2/18       EV: 11    Int: 24    God:    Ignis [*****.]
Gold:   37         SH:  0    Dex:  7    Spells: 13/20 levels left

rFire   + . .        o - +1 dagger (elec)
rCold   . . .        (no shield)
rNeg    . . .        n - +3 leather armour {rPois}
rPois   +            b - +0 helmet
rElec   .            u - +0 cloak
rCorr   .            (no gloves)
SInv    .            t - +2 pair of boots
Will    .....        (no amulet)
Stlth   +            i - +4 ring of protection
HPRegen 0.31/turn    s - +6 ring of intelligence
MPRegen 0.16/turn

%: no passive effects
@: unable to hop, slow
A: amphibious, slowness 1, strong legs 1, +LOS
a: Hop, Renounce Religion, Fiery Armour, Foxfire Swarm, Rising Flame


You were on level 7 of the Dungeon.
You worshipped Ignis.
Ignis was extremely pleased with you.
You visited 2 branches of the dungeon, and saw 8 of its levels.

You collected 257 gold pieces.
You spent 220 gold pieces at shops.

Inventory:

Hand Weapons
 a - a -1 falchion of flaming
 o - a +1 dagger of electrocution (weapon)
 r - a +0 trident
Missiles
 w - 5 poisoned darts (quivered)
Armour
 b - a +0 helmet (worn)
 n - a +3 leather armour of poison resistance (worn)
 t - a +2 pair of boots (worn)
 u - a +0 cloak (worn)
Jewellery
 i - a +4 ring of protection (left hand)
 s - a +6 ring of intelligence (right hand)
Scrolls
 c - a scroll of enchant weapon {unknown}
 d - a scroll of immolation {unknown}
 g - a scroll of amnesia {unknown}
 k - a scroll of enchant armour
 q - a scroll of teleportation {unknown}
 v - a scroll of torment {unknown}
Potions
 e - 4 potions of heal wounds
 f - 3 potions of curing
 h - 2 potions of mutation
 j - a potion of berserk rage
 l - a potion of might
 m - a potion of ambrosia
 p - a potion of resistance


   Skills:
 * Level 6.0 Fighting
 + Level 1.2(4.1) Short Blades
 * Level 6.9(7.0) Long Blades
 + Level 0.1 Throwing
 * Level 3.7 Armour
 + Level 1.7 Dodging
 + Level 0.9 Stealth
 * Level 6.3 Spellcasting
 * Level 3.4 Translocations
 + Level 5.6 Fire Magic
 * Level 1.4 Ice Magic
 + Level 2.3 Air Magic


You had 13 spell levels left.
You knew the following spells:

 Your Spells              Type           Power      Damage    Failure   Level
b - Blink                 Tloc           46%        N/A       3%          2
o - Scorch                Fire           68%        2d7       1%          2
r - Frozen Ramparts       Ice            28%        1d5       16%         3

Your spell library contained the following spells:

 Spells                   Type           Power      Damage    Failure   Level
 Lesser Beckoning         Tloc           46%        N/A       3%          2
 Freeze                   Ice            56%        1d7       4%          1
 Momentum Strike          Conj/Tloc      30%        3d8       7%          2
 Gell's Gravitas          Tloc           23%        N/A       7%          3
 Teleport Other           Tloc           23%        N/A       7%          3
 Static Discharge         Conj/Air       26%        3-5/arc   9%          2
 Hailstorm                Conj/Ice       11%        3d6       21%         3
 Airstrike                Air            9%         2d(2-18)  34%         4
 Summon Lightning Spire   Summ/Air       13%        N/A       50%         4
 Dispersal                Tloc           11%        N/A       98%         6


Dungeon Overview and Level Annotations

Branches:
Dungeon (7/15)             Temple (1/1) D:6

Altars:
Ashenzari
Dithmenos
Elyvilon
Fedhas
Hepliaklqana
Nemelex Xobeh
Okawaru
Ru
Sif Muna
Trog
Uskayaw
Vehumet
Wu Jian
Xom
Yredelemnul
Zin
The Shining One

Shops:
D:4 [   D:5 (:([


Innate Abilities, Weirdness & Mutations

You are amphibious.
You cover ground slowly.
You can hop short distances.
You have an extended range of vision and can be seen from far away.


Message History

You hit the orc warrior.
The orc warrior is lightly wounded.
The wall freezes the orc warrior.
The orc warrior hits you with a +0 battleaxe.
You closely miss the orc warrior.
The orc warrior is moderately wounded.
The wall freezes the orc warrior.
The orc warrior completely misses you.
You barely miss the orc warrior.
The orc warrior is moderately wounded.
The frozen ramparts melt away.
The orc warrior hits you but does no damage.
You hit the orc warrior but do no damage.
The orc warrior is moderately wounded.
The orc warrior hits you with a +0 battleaxe.
You hit the orc warrior but do no damage.
The orc warrior is moderately wounded.
Your magical contamination has completely faded away.
You hit the orc warrior but do no damage.
Lightning courses through the orc warrior!
The orc warrior is severely wounded.
The orc warrior hits you with a +0 battleaxe!
* * * LOW HITPOINT WARNING * * *
Hop to where?
Press: ? - help, Dir - move target
Found a stone staircase leading down.
Boing!
The orc warrior barely misses you.
The orc warrior attacks as it pursues you!
The orc warrior misses you.
Casting: Frozen Ramparts (dangerous; 16% risk of failure)
Confirm with . or Enter, or press ? or * to list all spells.
Flames lash the orc warrior.
The orc warrior is severely wounded.
The orc warrior's fire resistance burns away.
The orc warrior hits you with a +0 battleaxe!
* * * LOW HITPOINT WARNING * * *
Casting: Scorch (safe; 1% risk of failure)
Confirm with . or Enter, or press ? or * to list all spells.
Flames lash the orc warrior.
The orc warrior is burned terribly!
The orc warrior is almost dead.
The orc warrior hits you with a +0 battleaxe!
You die...

##.###...........#
####......####.......
#.........# ####.###
#.###.###.# #.# #.#
#.# #.# #.# #.###.#
#.# #+# #.##..###.#
#).o......#
####@##.###
#....<...#
...............+
#####.##.#...#### #.
#..#.># # ##> #.# .
.# .# # ..


You could see an orc warrior (combustible).

Vanquished Creatures
  Pikel (D:5)
  Grinder (D:3)
  Sigmund (D:3)
  Duvessa (D:7)
  An ice beast (D:4)
  A black bear (D:5)
  An ogre (D:5)
  3 lemures (D:5)
  4 scorpions (D:5)
  A gnoll sergeant (D:5)
  Dowan (D:7)
  A jelly (D:5)
  A gnoll bouda (D:4)
  A hound (D:5)
  Crazy Yiuf (D:3)
  Jessica (D:3)
  An iguana (D:5)
  An orc wizard (D:4)
  A sleepcap (D:7)
  9 gnolls
  3 adders
  A shadow imp (D:5)
  A white imp (D:5)
  3 dart slugs
  16 orcs
  5 ball pythons
  8 bats
  9 endoplasms
  2 giant cockroaches
  6 goblins
  7 hobgoblins
  2 jackals (D:1)
  2 quokkas
  5 frilled lizards
  8 kobolds
  7 rats
118 creatures vanquished.

Notes
Turn   | Place    | Note
-------+----------+-------------------------------------------
     0 | D:1      | Esekla the Barachi Cinder Acolyte began the quest for the
                  | Orb.
     0 | D:1      | Reached XP level 1. HP: 18/18 MP: 2/2
    69 | D:1      | Reached XP level 2. HP: 23/24 MP: 3/3
    72 | D:1      | Learned a level 2 spell: Scorch
   456 | D:1      | Reached XP level 3. HP: 30/30 MP: 2/5
  1727 | D:3      | Noticed Jessica
  1737 | D:3      | Killed Jessica
  1738 | D:3      | Reached skill level 5 in Long Blades
  1738 | D:3      | Reached XP level 4. HP: 32/37 MP: 6/6
  1746 | D:3      | Noticed Sigmund
  1802 | D:3      | Killed Sigmund
  1803 | D:3      | Reached skill level 1 in Armour
  1803 | D:3      | Reached skill level 1 in Dodging
  1803 | D:3      | Reached XP level 5. HP: 38/43 MP: 0/9
  1803 | D:3      | Reached XP level 6. HP: 44/49 MP: 0/10
  2719 | D:3      | Found a runed translucent door.
  2720 | D:3      | Noticed Crazy Yiuf
  2738 | D:3      | Identified the +0 robe of the Blessed Realm {rN+ Dex+3}
  2830 | D:3      | Noticed Grinder
  2848 | D:3      | Killed Grinder
  2849 | D:3      | Reached skill level 1 in Short Blades
  2849 | D:3      | Reached XP level 7. HP: 49/55 MP: 1/12
  2979 | D:3      | Killed Crazy Yiuf
  3205 | D:4      | Noticed an animated storm dragon scales
  3208 | D:4      | Found Qogoitud's Armour Boutique.
  3209 | D:4      | Noticed an animated storm dragon scales
  3526 | D:5      | Entered Level 5 of the Dungeon
  3553 | D:5      | Found a shadowy altar of Dithmenos.
  3649 | D:4      | Reached skill level 5 in Fighting
  3739 | D:5      | Reached skill level 1 in Air Magic
  3750 | D:5      | Reached XP level 8. HP: 62/62 MP: 3/15
  3788 | D:4      | Learned a level 2 spell: Blink
  4169 | D:5      | Reached skill level 5 in Spellcasting
  4203 | D:5      | Noticed Pikel
  4299 | D:5      | Reached skill level 1 in Translocations
  4664 | D:5      | Killed Pikel
  4665 | D:5      | Reached skill level 5 in Fire Magic
  4926 | D:5      | Found Havo Qut's Weapon Emporium.
  4942 | D:5      | Found Hocw's Book Emporium.
  4943 | D:5      | Found Poyph's Weapon Emporium.
  4944 | D:5      | Found Joeffuex's Antique Armour Emporium.
  5020 | D:5      | Reached XP level 9. HP: 66/69 MP: 11/18
  5057 | D:5      | Bought a book of Frost for 220 gold pieces
  5061 | D:5      | Learned a level 3 spell: Frozen Ramparts
  5182 | D:6      | Noticed a two-headed ogre
  5222 | D:6      | Found a staircase to the Ecumenical Temple.
  5246 | D:5      | Reached skill level 1 in Ice Magic
  5321 | Temple   | Entered the Ecumenical Temple
  5684 | D:7      | Noticed Dowan
  5684 | D:7      | Noticed Duvessa
  5721 | D:7      | Killed Duvessa
  5722 | D:7      | Killed Dowan
  5733 | D:7      | Slain by an orc warrior

Illustrated notes

Levels and vault maps discovered:
D:1:      psy_arrival_basics, layout_basic, serial_bayou, serial_bayou_pond_d,
          serial_bayou_shore_a, serial_bayou_lagoon_b, serial_bayou_pond_e
D:2:      layout_basic
D:3:      layout_basic, uniq_crazy_yiuf_cottage, uniq_grinder, uniq_jessica,
          uniq_sigmund
D:4:      layout_rooms, serial_shops, nicolae_shop_mannequins
D:5:      layout_loops_ring, nicolae_dithmenos_the_darkroom,
          minmay_shop_grid_forest, lightli_minifort, uniq_pikel
D:6:      layout_cave_pools, minmay_temple_entry_drinking_statues
D:7:      layout_loops_corners, uniq_joseph, uniq_duvessa
Temple:   nicolae_temple_x_marks_the_god

Skill      XL: |  1  2  3  4  5  6  7  8  9 |
---------------+----------------------------+-----
Long Blades    | 4 5 6 |  6.9
Fighting       | 4 5 6 |  6.0
Armour         | 1 2 3 |  3.7
Dodging        | 1 |  1.7
Spellcasting   | 2 3 4 6 |  6.3
Fire Magic     | 4 5 |  5.6
Short Blades   | 1 |  1.2
Air Magic      | 1 2 |  2.3
Translocations | 2 3 |  3.4
Ice Magic      | 1 |  1.4
Throwing       | |  0.1
Stealth        | |  0.9

Action                     |  1- 3 |  4- 6 |  7- 9 || total
---------------------------+-------+-------+-------++-------
  Melee: Falchion          |   102 |       |       ||   102
         Dagger            |    21 |    48 |    87 ||   156
         Punch             |     1 |       |     1 ||     2
  Throw: Dart              |       |     3 |     3 ||     6
   Cast: Scorch            |    12 |    22 |    99 ||   133
         Frozen Ramparts   |       |       |     3 ||     3
Ability: Hop               |       |     1 |     3 ||     4
    Use: Scroll            |       |       |     9 ||     9
   Stab: Sleeping          |     1 |       |       ||     1
 Armour: Robe              |    55 |       |       ||    55
         Leather armour    |    17 |    30 |   102 ||   149
  Dodge: Dodged            |    71 |    29 |    78 ||   178
